Map: Fracture LE

Players

Samurai - Winner!

  • Race: Zerg Zerg
  • League: Diamond
  • Spawn Location: 11:00

DinoRoum

  • Race: Zerg Zerg
  • League: Diamond
  • Spawn Location: 5:00

VOD

Have the link to the VOD?

Description

Time

  • Played on: Oct. 6, 2018, 3:38 p.m.
  • Length: 9:08
Show
View Real Time Build Order
Export as new Build Order

Samurai Zerg - Winner!

Build Orders: Pool First 

Get SALT Encoding   

  12  0:00  Drone  
  13  0:14  Overlord  
  13  0:19  Drone  
  14  0:32  Drone  
  14  0:33  Drone  
  16  0:36  Drone  
  17  0:47  Spawning Pool  
  17  0:49  Drone  
  17  1:10  Hatchery  
  16  1:13  Drone  
  16  1:18  Drone  
  18  1:21  Extractor  
  18  1:23  Drone  
  18  1:30  Drone  
  19  1:35  Queen  
  21  1:42  Overlord  
  21  1:51  Zergling x2  
  22  2:02  Zergling x2  
  23  2:11  Queen  
  25  2:19  Drone  
  25  2:20  Metabolic Boost  
  26  2:23  Queen, Drone x2  
  30  2:42  Drone x2  
  32  2:45  Drone  
  32  2:52  Drone x4  
  32  2:55  Overlord  
  36  3:03  Overlord  
  36  3:07  Lair  
  36  3:15  Drone x2  
  36  3:17  Drone x2  
  40  3:24  Evolution Chamber  
  40  3:26  Evolution Chamber  
  38  3:30  Spine Crawler  
  38  3:33  Spine Crawler  
  37  3:35  Drone x3  
  37  3:37  Extractor x2  
  37  3:38  Drone  
  39  3:49  Drone x3  
  39  3:50  Drone x3  
  39  3:55  Zerg Missile Weapons Level 1  
  45  4:01  Drone x3  
  48  4:06  Extractor  
  48  4:08  Hydralisk Den, Drone  
  47  4:10  Drone  
  47  4:11  Drone  
  47  4:14  Drone  
  47  4:15  Drone  
  51  4:31  Drone  
  52  4:38  Lurker Den  
  52  4:41  Overlord x4  
  50  5:02  Overseer  
  50  5:06  Hydralisk x6  
  58  5:09  Overseer  
  58  5:10  Zergling x4  
  58  5:11  Zergling x2  
  65  5:25  Hydralisk x3  
  71  5:31  Hydralisk  
  73  5:36  Hydralisk  
  73  5:41  Overlord  
  75  5:48  Overlord  
  75  5:55  Hydralisk x3  
  75  5:56  Hydralisk  
  83  6:05  Lurker  
  83  6:06  Lurker  
  85  6:16  Zergling x6  
  85  6:17  Overlord x2  
  88  6:20  Lurker  
  88  6:22  Zergling x4  
  91  6:39  Zergling x12  
  97  6:47  Hatchery  
  97  6:48  Zerg Ground Armor Level 1  
  85  7:22  Hydralisk  
  85  7:23  Hydralisk x6  
  85  7:24  Zergling x10  
  85  7:25  Zergling x2  
  104  7:49  Zergling x2  
  104  7:50  Zergling x8  
  106  8:43  Zergling x2  
  106  8:44  Zergling x14  
Show
View Real Time Build Order
Export as new Build Order

DinoRoum Zerg 

Build Orders: Hatch First 

Get SALT Encoding   

  12  0:01  Drone  
  13  0:13  Overlord  
  13  0:17  Drone  
  14  0:31  Drone x2  
  14  0:35  Drone  
  17  0:52  Hatchery  
  17  0:56  Extractor  
  15  1:09  Spawning Pool  
  15  1:10  Drone  
  15  1:13  Drone  
  15  1:17  Drone  
  17  1:22  Drone  
  18  1:32  Drone  
  19  1:42  Drone  
  20  1:53  Overlord  
  20  1:58  Metabolic Boost  
  20  1:59  Queen  
  22  2:06  Queen  
  24  2:16  Zergling x2  
  24  2:18  Spine Crawler  
  24  2:22  Drone  
  25  2:31  Zergling x2  
  25  2:32  Zergling x2  
  27  2:50  Drone x3  
  27  2:51  Drone x2  
  32  3:07  Baneling Nest  
  32  3:11  Drone x3  
  34  3:19  Drone x2  
  36  3:21  Overlord x2  
  36  3:28  Evolution Chamber  
  35  3:34  Drone  
  35  3:36  Overlord  
  36  3:43  Extractor  
  35  3:53  Drone  
  35  3:54  Lair, Drone x2  
  38  4:02  Hatchery  
  37  4:06  Drone x2  
  37  4:07  Drone  
  40  4:17  Drone x3  
  40  4:18  Drone x2  
  45  4:25  Extractor  
  45  4:27  Extractor  
  43  4:33  Drone x2  
  43  4:37  Drone  
  46  4:43  Overlord x2  
  46  4:58  Zergling x4  
  49  5:07  Drone x4  
  49  5:11  Spire  
  51  5:22  Queen  
  51  5:23  Drone  
  54  5:31  Drone x2  
  54  5:32  Overlord  
  54  5:33  Overlord  
  56  5:41  Drone  
  56  5:42  Overlord, Drone  
  58  5:44  Drone x2  
  60  6:00  Drone x2  
  62  6:08  Roach Warren  
  62  6:11  Drone  
  63  6:17  Evolution Chamber  
  61  6:19  Evolution Chamber  
  61  6:20  Drone  
  61  6:29  Drone  
  61  6:32  Drone x3  
  65  6:36  Zergling x12  
  65  6:37  Baneling x4  
  71  6:49  Hatchery, Glial Reconstitution  
  71  6:53  Roach  
  71  6:54  Roach x6  
  80  6:55  Baneling x2  
  80  6:56  Baneling x2  
  84  7:05  Overseer, Baneling  
  80  7:09  Roach x4  
  82  7:17  Zergling x2  
  82  7:18  Zergling x4  
  55  7:26  Spine Crawler  
  55  7:28  Spine Crawler, Drone x5  
  55  7:29  Hydralisk Den  
  51  7:38  Overseer, Spine Crawler  
  51  7:43  Drone  
Tags
 
Add a new tag
Caveats
  • Supply blocks, unpowered buildings, or Contaminate may cause inaccurate times.
  • Supply counts are checked every 10 seconds.